 Dungeon Crawl Stone Soup version 0.27.0-1-g7a089689b8 (webtiles) character file.

Game seed: 15193490229880104601

358814 Kinoniko the Slayer (level 21, -11/204 HPs)
             Began as a Grey Draconian Berserker on Aug 10, 2021.
             Was a High Priest of Trog.
             Mangled by a titan (65 damage)
             ... on level 5 of the Vaults.
             The game lasted 01:26:43 (58086 turns).

Kinoniko the Slayer (Grey Draconian Berserker)     Turns: 58086, Time: 01:26:44

Health: -11/204    AC: 21    Str: 28    XL:     21   Next: 44%
Magic:  21/21      EV: 31    Int:  8    God:    Trog [*****.]
Gold:   1000       SH: 30    Dex: 24    Spells: 20/20 levels left

rFire    + . .     SeeInvis .   C - +7 demon blade (flame)
rCold    + + .     Faith    .   a - +5 tower shield {rC+}
rNeg     . . .     Spirit   .   (armour unavailable)
rPois    +         Reflect  .   (helmet restricted)
rElec    .         Harm     .   v - scarf {rC+ rF+}
rCorr    .         Rampage  .   b - +2 pair of gloves {Str+3}
Will     ++++.                  h - +1 pair of boots
Stlth    ++........             M - amulet "Nazxu" {Acrobat rPois Str+3 Dex+2 Slay+2}
HPRegen  1.44/turn              V - +4 ring of evasion
MPRegen  0.17/turn              R - ring "Cueh" {Will+ Dex+4}

@: strong-willed (expiring), on berserk cooldown, regenerating (expiring),
slowed, very slow
A: AC +16, amphibious, unfitting armour, cold-blooded
}: 2/15 runes: serpentine, barnacled
a: Renounce Religion, Berserk, Trog's Hand, Brothers in Arms


You were on level 5 of the Vaults.
You worshipped Trog.
Trog was extremely pleased with you.
You visited 6 branches of the dungeon, and saw 36 of its levels.
You also visited: Trove, Bailey, Gauntlet, Ice Cave and Volcano.

You collected 5091 gold pieces.
You spent 4091 gold pieces at shops.

Inventory:

Hand Weapons
 c - the +10 great sword of Gallantry {vorpal, rN++ Will++}
   (Trog gifted it to you on level 3 of the Snake Pit)

   It inflicts extra damage upon your enemies.
   rN:        It greatly protects you from negative energy.
   Will:      It greatly increases your willpower.
 C - a +7 demon blade of flaming (weapon)
 H - a +10 antimagic double sword
 J - a +1 quick blade of flaming
Missiles
 j - 9 throwing nets
 T - 27 javelins (quivered)
Armour
 a - a +5 tower shield of cold resistance (worn)
 b - a +2 pair of gloves of strength (worn)
 h - a +1 pair of boots (worn)
 v - a scarf of resistance (worn)
 N - a +2 cloak of preservation
Jewellery
 i - the amulet of Woh Mapp {RegenMP Contam Fragile +Inv rCorr}
   (You took it off a minotaur in a Gauntlet)

   [amulet of magic regeneration]

   It increases your rate of magic regeneration.
   +Inv:      It lets you turn invisible.
   Contam:    It causes magical contamination when unequipped.
   rCorr:     It protects you from acid and corrosion.
   Fragile:   It will be destroyed if unequipped.
 w - a +4 ring of slaying
 y - a +4 ring of protection
 B - the ring of the Louse {rC+ rN+}
   (You found it in a treasure trove)

   [ring of positive energy]

   rC:        It protects you from cold.
   rN:        It protects you from negative energy.
 E - the amulet "Godarin" {Spirit *Slow Str+3 Slay+3}
   (You found it in a treasure trove)

   [amulet of guardian spirit]

   It causes incoming damage to be divided between your reserves of health and
   magic.
   Str:       It affects your strength (+3).
   Slay:      It affects your accuracy & damage with ranged weapons and melee
   (+3).
   *Slow:     It may slow you when you take damage.
 I - a ring of protection from cold
 M - the amulet "Nazxu" (around neck) {Acrobat rPois Str+3 Dex+2 Slay+2}
   (You found it in a treasure trove)

   [amulet of the acrobat]

   It increases your evasion while moving and waiting.
   Str:       It affects your strength (+3).
   Dex:       It affects your dexterity (+2).
   Slay:      It affects your accuracy & damage with ranged weapons and melee
   (+2).
   rPois:     It protects you from poison.
 R - the ring "Cueh" (right hand) {Will+ Dex+4}
   (You found it in a treasure trove)

   [ring of willpower]

   Dex:       It affects your dexterity (+4).
   Will:      It increases your willpower.
 U - a ring of protection from fire
 V - a +4 ring of evasion (left hand)
 X - a ring of willpower
Wands
 t - a wand of charming (18)
 x - a wand of iceblast (40)
 A - a wand of mindburst (41)
 D - a wand of acid (17)
 F - a wand of flame (45)
 G - a wand of polymorph (43)
 L - a wand of digging (9)
 Q - a wand of paralysis (11)
Scrolls
 e - 4 scrolls of fog
 o - 21 scrolls of teleportation
 O - a scroll of magic mapping
 P - 5 scrolls of fear
 S - 14 scrolls of identify
Potions
 d - 5 potions of heal wounds
 g - 6 potions of cancellation
 k - 3 potions of magic
 l - 5 potions of might
 m - 6 potions of attraction
 n - 17 potions of curing
 p - 6 potions of flight
 q - 7 potions of haste
 r - 5 potions of ambrosia
 u - 3 potions of invisibility
 z - 5 potions of mutation
 K - 7 potions of lignification
 W - a potion of resistance
Miscellaneous
 f - a phantom mirror
 s - a tin of tremorstones (2/2)
 Z - a condenser vane


   Skills:
 - Level 21.2 Fighting
 - Level 17.7 Long Blades
 - Level 17.9 Dodging
 - Level 21.2 Shields
 * Level 7.2 Evocations


You had 20 spell levels left.
You didn't know any spells.
Your spell library contained the following spells:

 Spells                   Type           Power      Damage    Failure   Level
 Hailstorm                Conj/Ice       0%         3d3       100%        4
 Ice Form                 Ice/Tmut       0%         N/A       100%        4
 Alistair's Intoxication  Tmut/Pois      0%         N/A       100%        5
 Borgnjor's Vile Clutch   Necr/Erth      0%         N/A       100%        5
 Summon Forest            Summ/Tloc      0%         N/A       100%        5
 Yara's Violent Unravell  Hex/Tmut       0%         3d3       100%        5
 Eringya's Noxious Bog    Tmut/Pois      0%         N/A       100%        6
 Simulacrum               Ice/Necr       0%         N/A       100%        6
 Statue Form              Tmut/Erth      0%         N/A       100%        6
 Summon Hydra             Summ           0%         N/A       100%        7
 Necromutation            Tmut/Necr      0%         N/A       100%        8


Dungeon Overview and Level Annotations

Branches:
Dungeon (15/15)            Temple (0/1) D:4            Lair (6/6) D:11
 Shoals (4/4) Lair:3        Snake (4/4) Lair:3        Slime (0/5) Lair:5
    Orc (2/2) D:10            Elf (0/3) Orc:2        Vaults (5/5) D:13
  Crypt (0/3) Vaults:3     Depths (0/5) D:15         Bailey (visited)
  IceCv (visited)         Volcano (visited)         Gauntlet (visited)

Altars:
Ashenzari
Cheibriados
Elyvilon
Fedhas
Gozag
Hepliaklqana
Kikubaaqudgha
Nemelex Xobeh
Qazlal
Uskayaw
Vehumet
Wu Jian
Zin
The Shining One
Beogh
Jiyva
Lugonu

Shops:
D:15 ((*:   Orc:1 (   Orc:2 !!![=:   Snake:2 !=*=[   Vaults:1 :   Vaults:3 (

Portals:
Abyss: Lair:6

Annotations:
D:13 2 transporters, RepoMan's ghost, journeyman FeAE
Lair:5 1 runed translucent door


Innate Abilities, Weirdness & Mutations

Your dull iron-grey scales are very hard. (AC +16)
You are amphibious.
You cannot fit into any form of body armour.
You are cold-blooded and may be slowed by cold attacks.


Message History

The titan is engulfed in negative energy.
You block the ironbound convoker's attack.
Items here: )))))) [[[[[[ †††.
You barely miss the ironbound convoker.
Your tail-slap misses the ironbound convoker.
The ironbound convoker is heavily wounded.
The ironbound preserver misses you.
The ironbound convoker points at the titan and mumbles some strange words.
The titan seems to grow stronger.
You block the phantasmal warrior's attack.
You slice the ironbound preserver!! You burn the ironbound preserver.
You tail-slap the ironbound preserver.
You kill the ironbound preserver!
Trog accepts your kill.
Trog appreciates your killing of a magic user.
The runic seals fade away.
The vault guard is engulfed in negative energy.
The vault guard is drained!
You block the titan's attack.
The vault warden is engulfed in negative energy.
The vault warden is drained!
The ironbound convoker closely misses you.
The phantasmal warrior hits you but does no damage.
You slash the vault warden! You burn the vault warden.
The vault warden is heavily wounded.
The vault guard completely misses you. The titan hits you!!!
* * * LOW HITPOINT WARNING * * *
The ironbound convoker casts a spell at the vault guard.
The vault guard seems to grow stronger.
The vault warden misses you.
You riposte.
You hit the vault warden. You burn the vault warden.
Your tail-slap misses the vault warden.
The vault warden is severely wounded.
You block the phantasmal warrior's attack.
The vault guard is engulfed in negative energy.
You hear a shout! x3
You slash the vault warden! You burn the vault warden.
You tail-slap the vault warden, but do no damage.
The vault warden is almost dead.
You hear a shout!
The vault guard completely misses you. The titan hits you!!!
You die...

,,,,,,,,,,,,,,,.....Cp........***
***************####........###***
,,,,,,,,,,,,,,,.......<<...p..,,,
,,,,,,,,,,,,,,,....ppp..<.....,,,
,,,,,,,,,,,,,,,.....p.<<......,,,
,,,,,,,,,,,,,,,....§..........,,,
***************####)p......###***
***,,,,,,,,,*####Cpp☼).......,,,,
,***,,,,,,,**#.p@p○)#....#....,,,
,,***,,,,,**#[°##W)##....#...#***
*,* **,,,** #D#*##.#*,,,,*,,,*,∩,
*,** **,** *#.****.#*,,,,*,,,*,,,
,,,****+****T,,**,.#*,,,,*,,,**+*
,,,,**,,,**..,,,,,##*,,,,*,,,,,,,
,,,,,,,,,,D.,,,****,*,,,,*,,,,,,,
*,,,,,***...,,****,,*,,,,*,,,**+*
*,,,,*****,,,,***,,,*,,,,*,,,*,,,


You could see a titan (strong, drained), a golden dragon, a vault warden
(drained), 3 vault guards, a phantasmal warrior and an ironbound convoker
(drained).

Vanquished Creatures
  Vashnia (Snake:3)
  Bai Suzhen (Vaults:4)
  Nikola (Shoals:2)
  Jorgrun (D:14)
  2 quicksilver dragons (Vaults:5)
  Asterion (Snake:3)
  A titan (Vaults:5)
  Polyphemus (Shoals:2)
  3 sphinxes
  Frances (D:14)
  Agnes (D:15)
  Roxanne (Snake:3)
  4 nagarajas
  A frost giant (Vaults:5)
  Louise (D:15)
  9 vault wardens
  An orc warlord (Vaults:1)
  2 war gargoyles
  11 ironbound preservers
  A stone giant (Vaults:4)
  12 very ugly things
  A red draconian (Volcano)
  A vampire knight (Vaults:3)
  An entropy weaver (Vaults:4)
  A minotaur (Gauntlet)
  5 dire elephants
  Snorg (D:14)
  3 crystal guardians
  4 ettins
  8 merfolk impalers
  5 merfolk javelineers
  4 great orbs of eyes
  2 fire dragons
  27 vault guards
  11 yaktaur captains
  12 hydras
  11 naga warriors
  4 ironbound thunderhulks
  6 boulder beetles
  5 peacekeepers
  2 alligator snapping turtles (Shoals:4)
  14 centaur warriors
  8 anacondas
  4 merfolk aquamancers
  9 ironbound frosthearts
  3 merfolk avatars
  A catoblepas (Lair:5)
  10 two-headed ogres
  A deep troll shaman (Vaults:5)
  6 death yaks
  A satyr (Shoals:4)
  3 tengu warriors (D:15)
  A deep troll earth mage (Vaults:5)
  5 ironbound beastmasters
  5 shock serpents
  4 thrashing horrors (Lair:6)
  2 orc high priests
  14 naga sharpshooters
  Nergalle (Lair:4)
  3 salamander mystics
  2 skeletal warriors (D:13)
  29 deep trolls
  2 fire crabs
  A sixfirhy (Gauntlet)
  Pikel (D:6)
  18 sea snakes
  4 naga ritualists
  A tengu zombie (Vaults:3)
  4 wizards
  18 ironbound convokers
  2 deep elf pyromancers (D:13)
  14 orc knights
  15 ugly things
  10 harpies
  2 necromancers
  8 lindwurms
  3 oklob plants
  7 mana vipers
  A mana viper (shapeshifter) (Vaults:4)
  4 cyclopes
  15 manticores
  2 orc sorcerers
  A wolf spider (D:13)
  A cyclops (shapeshifter) (D:13)
  A large abomination (Lair:6)
  22 fauns
  19 salamanders
  5 merfolk sirens
  5 guardian serpents
  17 naga magi
  22 black mambas
  Maurice (D:13)
  A water nymph (shapeshifter) (D:13)
  An apocalypse crab (Gauntlet)
  A guardian serpent (shapeshifter) (D:15)
  A fire giant skeleton (Vaults:3)
  19 vault sentinels
  2 smoke demons (Lair:6)
  9 water nymphs
  An ice statue (IceCv)
  A molten gargoyle (D:15)
  A cane toad (shapeshifter) (D:15)
  4 gargoyles (D:13)
  A yaktaur zombie (Vaults:3)
  14 cane toads
  A kobold demonologist (D:13)
  7 komodo dragons
  3 rime drakes
  A komodo dragon (shapeshifter) (Lair:6)
  28 yaktaurs
  A yaktaur (shapeshifter) (D:13)
  3 torpor snails
  2 efreet
  A tengu conjurer (D:13)
  2 entropy weaver simulacra (IceCv)
  An anaconda simulacrum (IceCv)
  3 ancient zymes (Lair:6)
  A freezing wraith (IceCv)
  2 wandering mushrooms (Lair:2)
  36 merfolk
  2 polar bears
  A jumping spider (shapeshifter) (D:13)
  6 trolls
  7 meliai
  A meliai (shapeshifter) (D:15)
  A troll (shapeshifter) (D:13)
  A hornet (shapeshifter) (D:13)
  41 blink frogs
  5 wind drakes
  10 snapping turtles
  39 slime creatures
  18 dream sheep
  2 centaur simulacra
  A spriggan (Lair:6)
  4 shadows
  2 wyverns
  47 yaks
  An elf zombie (Vaults:3)
  3 ynoxinuls (Lair:6)
  3 vampires (Vaults:3)
  11 water elementals
  A chaos spawn (Lair:6)
  5 basilisks
  A steam dragon (D:9)
  A hog (shapeshifter) (D:13)
  6 vampire mosquitoes (D:13)
  2 death yak simulacra (IceCv)
  7 wargs
  Edmund (D:5)
  30 nagas
  4 acid dragons
  23 water moccasins
  A floating eye (shapeshifter) (Vaults:4)
  A sky beast (D:6)
  An ice beast (D:6)
  43 orc warriors
  2 black bears
  A human zombie (Vaults:3)
  7 ogres
  8 wolves
  4 boggarts (Vaults:2)
  10 centaurs
  2 phantoms
  2 kobold brigands
  12 bullfrogs
  7 two-headed ogre simulacra (IceCv)
  3 scorpions
  4 gnoll sergeants
  5 cane toad simulacra (IceCv)
  A water moccasin zombie (D:5)
  8 small abominations (Lair:6)
  A water moccasin skeleton (D:4)
  14 wights
  2 elephant simulacra (IceCv)
  18 killer bees
  16 electric eels
  3 howler monkeys
  A bullfrog zombie (D:5)
  4 centaur zombies
  22 orc priests
  6 hounds
  4 jellies
  2 bullfrog skeletons
  A centaur skeleton (D:7)
  Jessica (D:2)
  2 iguanas
  17 orc wizards
  2 troll simulacra (IceCv)
  2 polar bear simulacra (IceCv)
  10 spriggan simulacra (IceCv)
  2 wolf simulacra (IceCv)
  8 ogre zombies (D:10)
  23 gnolls
  13 adders
  6 naga simulacra (IceCv)
  A shadow imp (D:5)
  5 white imps
  7 ufetubi
  An adder skeleton (D:4)
  2 worms (D:3)
  4 dart slugs
  87 orcs
  10 ball pythons
  4 bats
  6 endoplasms
  2 giant cockroaches
  15 goblins
  10 hobgoblins
  4 jackals (D:4)
  23 kobolds
  3 quokkas
  5 frilled lizards
  2 goblin skeletons (D:10)
  4 goblin zombies (D:10)
  A hobgoblin skeleton (D:10)
  3 hobgoblin zombies (D:10)
  An orc skeleton (D:10)
  14 orc zombies (D:10)
  7 rats
1481 creatures vanquished.

Vanquished Creatures (collateral kills)
  Saint Roka (Orc:2)
  A sphinx (Vaults:2)
  A vault warden (Vaults:2)
  An orc warlord (Bailey)
  An ironbound preserver (Vaults:2)
  A reaper (IceCv)
  A stone giant (Vaults:2)
  A dire elephant (Vaults:3)
  Nessos (Lair:5)
  A naga warrior (Snake:4)
  2 vault guards
  An ironbound frostheart (Vaults:4)
  A merfolk aquamancer (Shoals:3)
  An ironbound beastmaster (Vaults:3)
  2 tengu warriors (D:13)
  A naga sharpshooter (Snake:4)
  A salamander mystic (Snake:3)
  2 deep trolls
  A naga ritualist (Snake:4)
  An orc knight (Orc:2)
  An ironbound convoker (Vaults:4)
  A faun (Shoals:4)
  2 manticores
  2 naga magi (Snake:4)
  A vault sentinel (Vaults:2)
  4 merfolk
  3 snapping turtles
  2 water elementals (Shoals:3)
  A wraith (D:13)
  2 wargs (Orc:2)
  3 orc warriors (Orc:2)
  An orc wizard (Orc:2)
  3 orcs
49 creatures vanquished.

Vanquished Creatures (others)
  A catoblepas (Shoals:2)
  A wizard (D:14)
  A human (D:10)
  10 fungi
  263 plants
276 creatures vanquished.

Grand Total: 1806 creatures vanquished

Notes
Turn   | Place    | Note
-------+----------+-------------------------------------------
     0 | D:1      | Kinoniko the Draconian Berserker began the quest for the
                  | Orb.
     0 | D:1      | Reached XP level 1. HP: 19/19 MP: 1/1
   101 | D:1      | Reached XP level 2. HP: 19/26 MP: 2/2
   768 | D:1      | Reached XP level 3. HP: 23/31 MP: 3/3
   988 | D:1      | Reached ** piety under Trog
  1401 | D:2      | Reached XP level 4. HP: 33/38 MP: 4/4
  1600 | D:2      | Found a faded altar of an unknown god.
  1725 | D:2      | Noticed Jessica
  1732 | D:2      | Killed Jessica
  2023 | D:3      | Found an ornate altar of the Wu Jian Council.
  2024 | D:3      | Found an opulent altar of Gozag.
  2026 | D:3      | Found a white marble altar of Elyvilon.
  2028 | D:3      | Reached skill level 5 in Long Blades
  2029 | D:3      | Found a snail-covered altar of Cheibriados.
  2029 | D:3      | Found a broken altar of Ashenzari.
  2030 | D:3      | Found a stormy altar of Qazlal.
  2074 | D:3      | Reached XP level 5. HP: 39/45 MP: 5/5
  2409 | D:3      | Reached *** piety under Trog
  2537 | D:3      | Found a glowing golden altar of the Shining One.
  3434 | D:4      | Found Repnaihe's Weapon Shop.
  3595 | D:4      | Reached XP level 6. HP: 51/51 MP: 6/6
  3804 | D:4      | Found a staircase to the Ecumenical Temple.
  4901 | D:5      | Entered Level 5 of the Dungeon
  4943 | D:5      | Your scales start taking on a dull iron-grey colour.
  4943 | D:5      | Reached XP level 7. HP: 44/57 MP: 7/7
  5054 | D:5      | Reached skill level 5 in Dodging
  5180 | D:5      | Noticed Edmund
  5197 | D:5      | Killed Edmund
  5328 | D:5      | Reached XP level 8. HP: 57/63 MP: 8/8
  6181 | D:6      | Found a hazy altar of Hepliaklqana.
  7137 | D:6      | Reached skill level 10 in Long Blades
  7144 | D:6      | Noticed Pikel
  7164 | D:6      | Killed Pikel
  7165 | D:6      | Reached XP level 9. HP: 51/70 MP: 9/9
  7452 | D:7      | Found a blossoming altar of Fedhas.
  8374 | D:8      | Reached **** piety under Trog
  8923 | D:8      | Reached XP level 10. HP: 72/77 MP: 10/10
  9564 | D:9      | Found a flagged portal.
  9602 | Bailey   | Entered a bailey
  9619 | Bailey   | Noticed an orc warlord
  9709 | Bailey   | Found a runed translucent gate.
  9711 | Bailey   | Found a runed translucent gate.
  9713 | Bailey   | Found a runed translucent gate.
  9720 | Bailey   | Noticed an orc knight
  9735 | Bailey   | Killed an orc knight
  9916 | Bailey   | Killed an orc warlord
 10042 | D:9      | Reached skill level 10 in Dodging
 10042 | D:9      | Reached XP level 11. HP: 82/82 MP: 11/11
 10043 | D:9      | Reached skill level 15 in Long Blades
 10043 | D:9      | Reached XP level 12. HP: 89/89 MP: 12/12
 10191 | D:9      | Reached ***** piety under Trog
 10554 | D:9      | Noticed a two-headed ogre
 10564 | D:9      | Killed a two-headed ogre
 10737 | D:9      | Noticed a two-headed ogre
 10742 | D:9      | Killed a two-headed ogre
 11113 | D:9      | Found a glowing silver altar of Zin.
 11121 | D:9      | Noticed a two-headed ogre
 11131 | D:9      | Killed a two-headed ogre
 11617 | D:10     | Entered Level 10 of the Dungeon
 11721 | D:10     | Received a gift from Trog
 11722 | D:10     | Found a staircase to the Orcish Mines.
 12442 | D:10     | Found an ancient bone altar of Kikubaaqudgha.
 12487 | D:10     | You fall into a shaft and drop 3 floors!
 12703 | D:11     | Found a staircase to the Lair.
 12764 | D:10     | Reached XP level 13. HP: 94/94 MP: 13/13
 12911 | D:10     | Found a sparkling altar of Nemelex Xobeh.
 13771 | D:11     | Received a gift from Trog
 14224 | D:12     | Found a portal to a secret trove of treasure.
 14567 | Lair:1   | Entered Level 1 of the Lair of Beasts
 15024 | Lair:1   | Found a frozen archway.
 15036 | IceCv    | Entered an ice cave
 15558 | IceCv    | Noticed a reaper
 15570 | IceCv    | Received a gift from Trog
 16322 | IceCv    | Killed a reaper
 17408 | Lair:2   | Noticed a fire dragon
 17422 | Lair:2   | Killed a fire dragon
 17423 | Lair:2   | Reached skill level 1 in Shields
 18091 | Lair:2   | Reached skill level 5 in Fighting
 19252 | Lair:3   | Reached skill level 5 in Shields
 19361 | Lair:3   | Found a staircase to the Shoals.
 19550 | Lair:3   | Reached XP level 14. HP: 73/113 MP: 14/14
 19762 | Lair:3   | Received a gift from Trog
 20072 | Lair:3   | Found a staircase to the Snake Pit.
 20096 | Lair:4   | Noticed Nergalle
 20118 | Lair:4   | Killed Nergalle
 20237 | Lair:4   | Found a dark tunnel.
 20246 | Volcano  | Entered a volcano
 21441 | Lair:5   | Found a runed translucent door.
 21442 | Lair:5   | Found a viscous altar of Jiyva.
 21442 | Lair:5   | Found a staircase to the Slime Pits.
 21442 | Lair:5   | Noticed an acid blob
 21442 | Lair:5   | Noticed an acid blob
 21442 | Lair:5   | Noticed an acid blob
 21877 | Lair:5   | Reached ****** piety under Trog
 21886 | Lair:5   | Noticed Nessos
 21897 | Lair:5   | Killed Nessos
 22470 | Lair:5   | Reached skill level 10 in Fighting
 23597 | Lair:6   | Entered Level 6 of the Lair of Beasts
 23605 | Lair:6   | Identified a scroll of acquirement
 23606 | Lair:6   | Acquired 973 gold pieces
 23835 | Lair:6   | Received a gift from Trog
 24506 | Lair:6   | Reached XP level 15. HP: 120/130 MP: 15/15
 25012 | Lair:6   | Found a corrupted altar of Lugonu.
 25012 | Lair:6   | Found a one-way gate to the infinite horrors of the Abyss.
 25170 | Lair:6   | Received a gift from Trog
 26325 | D:13     | Reached skill level 10 in Shields
 26342 | D:13     | Found a transporter.
 26346 | D:13     | Noticed RepoMan's ghost (journeyman FeAE)
 26363 | D:13     | Found a transporter.
 26536 | D:13     | Received a gift from Trog
 26766 | D:13     | Found a gate to the Vaults.
 27062 | D:13     | Acquired a manual of Fighting
 28102 | D:13     | Reached XP level 16. HP: 147/147 MP: 16/16
 28105 | D:13     | Reached skill level 15 in Fighting
 28185 | D:13     | Noticed Maurice
 28191 | D:13     | Killed Maurice
 28295 | D:13     | Received a gift from Trog
 28815 | D:14     | Noticed Snorg
 28823 | D:14     | Killed Snorg
 28948 | D:14     | Found a gate leading to a gauntlet.
 28957 | Gauntlet | Entered a Gauntlet
 28957 | Gauntlet | Found a transporter.
 28957 | Gauntlet | Found a transporter.
 29176 | Gauntlet | Found a transporter.
 29194 | Gauntlet | Found a transporter.
 29194 | Gauntlet | Found a transporter.
 29194 | Gauntlet | Found a transporter.
 29196 | Gauntlet | Found a transporter.
 29197 | Gauntlet | Found a transporter.
 29206 | Gauntlet | Found a runed translucent gate.
 29206 | Gauntlet | Found a runed translucent gate.
 29206 | Gauntlet | Found a runed translucent gate.
 29208 | Gauntlet | Found a transporter.
 29224 | Gauntlet | Found a transporter.
 29232 | Gauntlet | Found a runed translucent door.
 29234 | Gauntlet | Found a transporter.
 29236 | Gauntlet | Found a runed translucent door.
 29239 | Gauntlet | Found a transporter.
 29273 | Gauntlet | Found a transporter.
 29288 | Gauntlet | Found a transporter.
 29459 | Gauntlet | Identified the +10 morningstar of Qadwati {vorpal, +Rage}
 29619 | Gauntlet | Identified the amulet of Woh Mapp {RegenMP Contam Fragile
                  | +Inv rCorr}
 29789 | D:14     | Noticed Jorgrun
 29789 | D:14     | Noticed Frances
 29803 | D:14     | Killed Jorgrun
 29823 | D:14     | HP: 4/151 [Frances/shard of ice (39)]
 30663 | D:14     | Killed Frances
 31155 | Orc:1    | Entered Level 1 of the Orcish Mines
 31299 | Orc:2    | Entered Level 2 of the Orcish Mines
 31801 | Orc:2    | Found Ickir's Book Shoppe.
 31859 | Orc:2    | Found Zippy's Jewellery Boutique.
 32028 | Orc:2    | Found Ymaoc's Antique Armour Shoppe.
 32148 | Orc:2    | Found Zippy's Distillery.
 32156 | Orc:2    | Bought a potion of heal wounds for 65 gold pieces
 32156 | Orc:2    | Bought a potion of heal wounds for 65 gold pieces
 32156 | Orc:2    | Bought a potion of heal wounds for 65 gold pieces
 32156 | Orc:2    | Bought a potion of heal wounds for 65 gold pieces
 32156 | Orc:2    | Bought a potion of heal wounds for 65 gold pieces
 32156 | Orc:2    | Bought a potion of heal wounds for 65 gold pieces
 32156 | Orc:2    | Bought a potion of curing for 39 gold pieces
 32156 | Orc:2    | Bought a potion of curing for 39 gold pieces
 32236 | Orc:2    | Found a staircase to the Elven Halls.
 32354 | Orc:2    | Noticed Saint Roka
 32388 | Orc:2    | Killed Saint Roka
 32767 | Orc:2    | Found Fiesm's Distillery.
 32767 | Orc:2    | Found Cisyig Effu's Distillery.
 33102 | Orc:2    | Bought a potion of heal wounds for 85 gold pieces
 33102 | Orc:2    | Bought a potion of heal wounds for 85 gold pieces
 33102 | Orc:2    | Bought a potion of mutation for 136 gold pieces
 33102 | Orc:2    | Bought a potion of attraction for 51 gold pieces
 33404 | Orc:1    | Found Hooratt's Antique Weapon Emporium.
 33484 | Orc:1    | Received a gift from Trog
 33922 | D:12     | You paid a toll of 12 potions of heal wounds to enter a
                  | treasure trove
 33923 | Trove    | Entered a treasure trove
 33931 | Trove    | Identified the ring of the Louse {rC+ rN+}
 33933 | Trove    | Identified the amulet "Godarin" {Spirit *Slow Str+3 Slay+3}
 33947 | Trove    | Identified the ring "Cueh" {Will+ Dex+4}
 33949 | Trove    | Identified the amulet "Nazxu" {Acrobat rPois Str+3 Dex+2
                  | Slay+2}
 34069 | D:15     | Entered Level 15 of the Dungeon
 34069 | D:15     | Found Nymisabb's Book Shop.
 34069 | D:15     | Found Beutastra's Assorted Antiques.
 34158 | D:15     | Found Dezag Dad's Weapon Shop.
 34160 | D:15     | Bought a pair of runed gloves for 232 gold pieces
 34235 | D:15     | Found a radiant altar of Vehumet.
 34246 | D:15     | Noticed Agnes
 34257 | D:15     | Killed Agnes
 34398 | D:15     | Noticed Louise
 34416 | D:15     | Killed Louise
 34471 | D:15     | Found Qus Cuxe's Weapon Shoppe.
 34658 | D:15     | Found a staircase to the Depths.
 34913 | D:15     | Found a hide-covered altar of Uskayaw.
 35110 | Snake:1  | Entered Level 1 of the Snake Pit
 36117 | Snake:2  | Reached XP level 17. HP: 163/163 MP: 17/17
 36240 | Snake:2  | Found Sieba's Distillery.
 36456 | Snake:2  | Bought a potion of heal wounds for 85 gold pieces
 36456 | Snake:2  | Bought a potion of resistance for 170 gold pieces
 36456 | Snake:2  | Bought a potion of haste for 170 gold pieces
 36456 | Snake:2  | Bought a potion of curing for 51 gold pieces
 36456 | Snake:2  | Bought a potion of curing for 51 gold pieces
 36456 | Snake:2  | Bought a potion of curing for 51 gold pieces
 36511 | Snake:2  | Reached skill level 15 in Dodging
 37373 | Snake:2  | Found Kixokhil's General Store.
 37375 | Snake:2  | Found Taryasuo's Antique Armour Shop.
 37375 | Snake:2  | Found Ulyera's Jewellery Shop.
 37377 | Snake:2  | Found Zifodes's Jewellery Shop.
 37381 | Snake:2  | Bought a tin of tremorstones (2/2) for 760 gold pieces
 37770 | Snake:3  | Noticed Vashnia
 38348 | Snake:3  | Identified the +10 great sword of Gallantry {vorpal, rN++
                  | Will++} (Trog gifted it to you on level 3 of the Snake Pit)
 38348 | Snake:3  | Received a gift from Trog
 38520 | Snake:3  | Identified Roxanne's Catalogue of Changing
 38520 | Snake:3  | Noticed Roxanne
 38544 | Snake:3  | Killed Roxanne
 38937 | Snake:3  | Killed Vashnia
 39741 | Snake:3  | Noticed Asterion
 39757 | Snake:3  | Killed Asterion
 40033 | Shoals:1 | Entered Level 1 of the Shoals
 41776 | Shoals:2 | Received a gift from Trog
 41994 | Shoals:2 | Noticed Polyphemus
 41995 | Shoals:2 | Noticed Nikola
 42012 | Shoals:2 | Killed Polyphemus
 42013 | Shoals:2 | Reached XP level 18. HP: 100/174 MP: 18/18
 42020 | Shoals:2 | Killed Nikola
 42697 | Shoals:2 | Reached skill level 15 in Shields
 44147 | Shoals:4 | Entered Level 4 of the Shoals
 44277 | Shoals:4 | Identified the +9 mace of Fragile Peace {holy, rC+ Int+4
                  | Dex+2}
 44303 | Shoals:4 | Received a gift from Trog
 45726 | Shoals:4 | Received a gift from Trog
 46432 | Shoals:4 | Got a barnacled rune of Zot
 46890 | Snake:4  | Entered Level 4 of the Snake Pit
 48187 | Snake:4  | Reached XP level 19. HP: 183/183 MP: 19/19
 48800 | Snake:4  | Identified the +4 long sword of Awuni {vorpal, Contam +Rage
                  | rF++ rC+ Int-3} (Trog gifted it to you on level 4 of the
                  | Snake Pit)
 48800 | Snake:4  | Received a gift from Trog
 49269 | Snake:4  | Got a serpentine rune of Zot
 49810 | Vaults:1 | Entered Level 1 of the Vaults
 49923 | Vaults:1 | Found Upne's Book Shop.
 49931 | Vaults:1 | Bought a manual of Shields for 1440 gold pieces
 50527 | Vaults:1 | Received a gift from Trog
 50721 | Vaults:1 | Identified the +12 great sword of Ysix {venom, Int+9 Dex-3}
 51895 | Vaults:2 | Received a gift from Trog
 52782 | Vaults:2 | Reached XP level 20. HP: 60/189 MP: 20/20
 53972 | Vaults:3 | Identified the +2 eveningstar of Exquisite Torment {flame,
                  | rPois rF- Str-2 SInv} (Trog gifted it to you on level 3 of
                  | the Vaults)
 53972 | Vaults:3 | Received a gift from Trog
 54721 | Vaults:3 | Found a staircase to the Crypt.
 54794 | Vaults:3 | Found Zeatil's Weapon Emporium.
 56246 | Vaults:4 | Received a gift from Trog
 56369 | Vaults:4 | Noticed Bai Suzhen
 56380 | Vaults:4 | Killed Bai Suzhen
 56743 | Vaults:4 | Reached XP level 21. HP: 204/204 MP: 21/21
 57030 | Vaults:4 | Received a gift from Trog
 57731 | Snake:2  | Bought a scroll of teleportation for 57 gold pieces
 57731 | Snake:2  | Bought a potion of curing for 57 gold pieces
 57731 | Snake:2  | Bought a scroll of blinking for 142 gold pieces
 58037 | Vaults:5 | Entered Level 5 of the Vaults
 58046 | Vaults:5 | Reached skill level 1 in Evocations
 58063 | Vaults:5 | Reached skill level 5 in Evocations
 58081 | Vaults:5 | Noticed a golden dragon
 58086 | Vaults:5 | Mangled by a titan

Illustrated notes

Levels and vault maps discovered:
D:1:      psy_arrival_terrarium, layout_loops_ring
D:2:      layout_rooms, hellmonk_ecumenical_altar_inner_sanctum, hex_tiny,
          uniq_jessica
D:3:      layout_loops_ring, grunt_temple_overflow_open,
          nicolae_tso_swordbearing_angel, serial_forest,
          infiniplex_forest_zigzag_2, infiniplex_forest_split,
          infiniplex_forest_clump_curved, infiniplex_forest_clump_long,
          infiniplex_forest_lined_corner, infiniplex_forest_clump_long,
          infiniplex_forest_end_1
D:4:      layout_basic, minmay_temple_entry_poolview, serial_shops,
          nicolae_shop_temple_entry_statues_fountains,
          minmay_fractal_squares_gapless_5
D:5:      layout_rooms, uniq_edmund
D:6:      layout_loops_ring, lemuel_tele_altar, uniq_pikel
D:7:      layout_basic, lemuel_coloured_pillars_altar
D:8:      layout_basic
D:9:      layout_roguey, zin_academy, enter_bailey_7, kennysheep_pointless_box,
          eino_small_chamber_without_monster
D:10:     layout_loops_corners, nemelex_xobeh_ov_fountains_minmay,
          tgw_kikubaaqudgha, zombieorc2_lemuel
D:11:     layout_gridville, lair_entry_dummy, nicolae_lava_and_water
D:12:     layout_cave_pools, nicolae_trove_entry_crossroad
D:13:     kennysheep_snake, layout_basic, lightli_vaults_fourway_checkpoint,
          gammafunk_ghost_stat_death, uniq_maurice
D:14:     layout_irregular_city, gauntlet_entry_generic,
          minmay_misc_feat_hallway, uniq_frances, uniq_jorgrun, uniq_snorg
D:15:     hangedman_depths_entry_civil_slaughter, layout_cave_pools,
          nicolae_vehumet_altar_sigil, serial_shops, nicolae_lakefront_shop,
          shop, nicolae_shop_trees, nicolae_shop_statue_plus,
          nicolae_uskayaw_suspiria, uniq_louise, uniq_agnes
Lair:1:   layout_hall_layers, portal_ice_cave_entry_pillars_1
Lair:2:   dragon1_lemuel, layout_cave_pods, beast_lair_carwin_11,
          grunt_megastairs_4, lemuel_fruit_tree, infiniplex_staircase_pool_2,
          serial_bayou_shore_b, serial_bayou_shore_a, minmay_lair_oklob_chamber
Lair:3:   layout_hall_layers, minmay_shoals_entry_hut,
          minmay_snake_entry_spellcaster, lemuel_old_faithful
Lair:4:   layout_long_grid, enter_volcano_1, uniq_nergalle
Lair:5:   nzn_winding_woodlands_large [nzn_winding_woodlands_5x5_open_star,
          nzn_winding_woodlands_5x15_river_crossing,
          nzn_winding_woodlands_5x5_checkerboard,
          nzn_winding_woodlands_center_pierced_h,
          nzn_winding_woodlands_15x15_eel_pit,
          nzn_winding_woodlands_center_triple_pond,
          nzn_winding_woodlands_5x5_cross,
          nzn_winding_woodlands_5x15_lazy_stream,
          nzn_winding_woodlands_5x5_three], layout_gridlike, slime_altar_2,
          uniq_nessos
Lair:6:   hellmonk_lair_end_abyssal_woods, layout_cave_shapes,
          grunt_forest_small_clearings, grunt_forest_large_clearing_hut,
          grunt_megastairs_1
Shoals:1: layout_shoals
Shoals:2: layout_shoals, uniq_polyphemus, uniq_nikola
Shoals:3: layout_shoals, ldierk_geyser
Shoals:4: shoals_end_grunt_garden, layout_shoals
Snake:1:  layout_grid_maze, serial_bayou_lagoon_a
Snake:2:  layout_basic, serial_shops, nicolae_square_shop,
          nicolae_snake_serpentine_hallways, minmay_shop_grid_forest,
          guppyfry_snake_island
Snake:3:  layout_misc_corridors, grunt_megastairs_2, uniq_vashnia,
          uniq_asterion, uniq_roxanne
Snake:4:  snake_pit, layout_misc_corridors, grunt_ministairs_4
Orc:1:    layout_diamond_mine, serial_shops, shop_statue, minmay_orc_temple_c
Orc:2:    st_orc_town, layout_caves, serial_shops,
          nicolae_shop_temple_entry_statues_fountains, nicolae_shop_stone,
          uniq_saint_roka
Vaults:1: hangedman_vaults_slice, nicolae_vaults_network_star,
          nicolae_vaults_sealed_display, ontoclasm_vaults_pinch,
          ontoclasm_vaults_ligature, nicolae_vaults_three_branches, v_misc_26,
          layout_vaults_big_room, serial_shops, nicolae_diamond_shop
Vaults:2: nicolae_vaults_windows_and_doors_thing, ontoclasm_vaults_spin,
          vaults_room_octagon, ontoclasm_vaults_ring_large,
          nicolae_vaults_little_squares_6, nicolae_vaults_diagonal_hallway_8,
          v_misc_13, hangedman_vaults_stitches, hangedman_vaults_pinch,
          nicolae_vaults_angled_halls, hangedman_vaults_hat, v_alt_pattern_4,
          ontoclasm_vaults_twist, dpeg_vaults_monster_box,
          nicolae_vaults_little_squares_1, vaults_room_guarded_vault,
          layout_vaults_big_cross
Vaults:3: vaults_room_boxed, minmay_crypt_entry_vampire_xt, v_misc_33,
          layout_vaults_omnigrid, serial_shops, shop
Vaults:4: grunt_vaults_focal, ontoclasm_vaults_eye, v_misc_19, v_rooms_1,
          vaults_room_pools, st_lines, v_pattern_2, vaults_dpeg_hooks,
          hangedman_vaults_nails, ontoclasm_vaults_idyll, v_misc_30, v_misc_10,
          layout_vaults_ring, uniq_bai_suzhen
Vaults:5

Skill      XL: |  1  2  3  4  5  6  7  8  9 10 11 12 13 14 15 16 17 18 19 20 21 |
---------------+----------------------------------------------------------------+-----
Dodging        | 3 4 5 7 8 10 11 12 13 14 15 16 17 | 17.9
Long Blades    | 4 5 6 8 10 11 14 15 16 17 | 17.7
Shields        | 5 9 10 12 14 16 19 21 | 21.2
Fighting       | 7 11 14 17 18 19 20 21 | 21.2
Evocations     | 7 |  7.2

Action                   |  1- 3 |  4- 6 |  7- 9 | 10-12 | 13-15 | 16-18 | 19-21 || total
-------------------------+-------+-------+-------+-------+-------+-------+-------++-------
Melee: Falchion          |    86 |   192 |   354 |       |     3 |       |       ||   635
       Tailslap          |     9 |    26 |    77 |    67 |   265 |   430 |   370 ||  1244
       Great sword       |       |       |    23 |   303 |   101 |    81 |       ||   508
       Demon blade       |       |       |       |    51 |  1010 |  1573 |  1111 ||  3745
       Double sword      |       |       |       |       |     6 |       |       ||     6
Invok: Berserk           |     1 |     2 |     6 |     7 |    37 |    38 |    19 ||   110
       Brothers in Arms  |       |       |       |     1 |     3 |     9 |     8 ||    21
       Trog's Hand       |       |       |       |       |       |       |     1 ||     1
Evoke: Wand              |       |       |       |       |    30 |     2 |       ||    32
       Condenser vane    |       |       |       |       |       |     1 |     2 ||     3
       Tin of tremorston |       |       |       |       |       |       |     1 ||     1
  Use: Scroll            |       |     2 |     4 |     4 |    18 |    25 |     5 ||    58
       Potion            |       |       |       |     2 |     1 |     7 |     1 ||    11
 Stab: Sleeping          |       |     5 |     1 |       |     1 |     1 |     2 ||    10
       Distracted        |       |       |       |     1 |     3 |     4 |       ||     8
       Invisible         |       |       |       |       |       |       |     5 ||     5
       Confused          |       |       |       |       |       |       |     1 ||     1
Armor: Skin              |    35 |    44 |   123 |   117 |   278 |   230 |   112 ||   939
Dodge: Dodged            |    56 |   108 |   238 |   300 |   675 |   987 |   494 ||  2858
Block: Buckler           |       |       |       |       |   178 |    77 |       ||   255
       Tower shield      |       |       |       |       |    16 |  1475 |  1145 ||  2636
       Rpst.: Falchion   |    22 |    37 |    61 |       |       |       |       ||   120
       Great sword       |       |       |     8 |    67 |    25 |    13 |       ||   113
       Demon blade       |       |       |       |     6 |   132 |   149 |    87 ||   374
